 Dungeon Crawl Stone Soup version 0.30.1-11-g7821555f0a (webtiles) character file.

Game seed: 10539275282882535602

136 anacleto the Ruffian (level 4, 0/44 HPs)
             Began as a Troll Gladiator on Dec 12, 2023.
             Killed by divine providence
             ... invoked by an orc priest
              (9 damage)
             ... on level 4 of the Dungeon.
             The game lasted 00:05:43 (2229 turns).

anacleto the Ruffian (Troll Gladiator)              Turns: 2229, Time: 00:05:44

Health: 0/44       AC:  4    Str: 24    XL:     4   Next: 98%
Magic:  3/3        EV: 10    Int:  4    God:
Gold:   659        SH:  0    Dex: 11    Spells: 3/3 levels left

rFire   . .          .
                       - Unarmed
rCold   . . .        (no shield)
rNeg    . . .        a - +0 robe
rPois   .            b - +0 hat
rElec   .            (no cloak)
rCorr   .            (gloves unavailable)
SInv    .            (boots unavailable)
Will    .....        (no amulet)
Stlth   +            (no ring)
HPRegen 1.07/turn    (no ring)
MPRegen 0.08/turn

%: no passive effects
@: no status effects
A: large, unfitting armour, claws 3, regeneration 1, shaggy fur 1, tough skin 1
a: no special abilities


You were on level 4 of the Dungeon.
You visited 1 branch of the dungeon, and saw 4 of its levels.

You collected 906 gold pieces.
You spent 247 gold pieces at shops.

Inventory:

Missiles
 c - 3 throwing nets (quivered)
 d - a large rock
Armour
 a - a +0 robe (worn)
 b - a +0 hat (worn)
Scrolls
 e - 4 scrolls of teleportation
 f - a scroll of poison
 g - 2 scrolls of blinking
 h - a scroll of brand weapon
 i - a scroll of amnesia
 m - 2 scrolls of immolation {unknown}
 q - a scroll of enchant weapon {unknown}
 u - a scroll of magic mapping {unknown}
Potions
 j - 3 potions of lignification
 k - 3 potions of cancellation
 n - a potion of might
 o - a potion of haste {unknown}
 r - a potion of heal wounds {unknown}
 s - a potion of invisibility {unknown}
 t - a potion of curing {unknown}
 v - 2 potions of brilliance {unknown}


   Skills:
 + Level 2.3 Fighting
 + Level 2.6 Throwing
 + Level 3.0 Dodging
 * Level 4.2 Unarmed Combat


You had 3 spell levels left.
You didn't know any spells.
Your spell library was empty.

Dungeon Overview and Level Annotations

Branches:
Dungeon (4/15)
 Temple: D:4-7

Altars:

Shops:
D:1 ?


Innate Abilities, Weirdness & Mutations

You are too large for most types of armour.
You have claws for hands.
Your natural rate of healing is unusually fast.
You are covered in fur. (AC +1)
You have tough skin. (AC +1)


Message History

You barely miss the quokka.
The quokka is lightly wounded.
The quokka closely misses you.
You scratch the quokka.
You kill the quokka!
You see here a quokka corpse.
You see here a quokka corpse.
You see here a hobgoblin corpse.
An orc comes into view. It is wielding a +0 club.
The orc shouts!
You hear a shout!
An orc is nearby!
Found a scroll labelled JIGGOA IKHLE.
The orc hits you with a +0 club.
An orc priest comes into view. It is wielding a +0 mace.
The orc priest shouts!
You claw the orc!
You kill the orc!
The orc priest invokes the aid of Beogh against you.
Beogh smites you!
Found a potion of degeneration.
You see here a +0 club. 2 orcs come into view.
The orc shouts! x2
The orc priest hits you with a +0 mace.
You scratch the orc priest.
The orc priest is moderately wounded.
The orc priest hits you with a +0 mace.
You claw the orc priest!
The orc priest is severely wounded.
The orc priest invokes the aid of Beogh against you.
Beogh smites you!
You barely miss the orc priest.
The orc priest is severely wounded.
The orc hits you with a +0 short sword. The orc priest hits you with a +0 mace!
* * * LOW HITPOINT WARNING * * *
You barely miss the orc priest.
The orc priest is severely wounded.
The orc priest mumbles some strange prayers to Beogh against you.
Beogh smites you!
You die...

#. ##. .#.# #..
#.#.#### #..
#.#.##.#####.#
#..##.#.#.o@oo...#
#.....#.#..#####.#
####.#...#$#).#####
...............?...!
#...<...##.#.....
####................
.............>...###
#####.#.............
#.......†....#.####.


You could see an orc priest and 2 orcs.

Vanquished Creatures
  2 gnolls
  3 adders
  A shadow imp (D:3)
  2 worms
  2 dart slugs (D:3)
  An orc (D:4)
  6 ball pythons
  6 bats
  6 endoplasms
  3 giant cockroaches
  2 goblins
  9 hobgoblins
  4 jackals (D:1)
  8 kobolds
  2 quokkas
  6 frilled lizards
  3 rats
66 creatures vanquished.

Notes
Turn   | Place    | Note
-------+----------+-------------------------------------------
     0 | D:1      | anacleto the Troll Gladiator began the quest for the Orb.
     0 | D:1      | Reached XP level 1. HP: 19/19 MP: 0/0
    45 | D:1      | Reached XP level 2. HP: 26/28 MP: 1/1
   487 | D:1      | Reached XP level 3. HP: 33/35 MP: 2/2
   699 | D:1      | Found Xusib's Magic Scroll Shoppe.
   704 | D:1      | Bought a scroll of identify for 26 gold pieces
  1176 | D:2      | Reached XP level 4. HP: 31/42 MP: 3/3
  1580 | D:3      | Found a faded altar of an unknown god.
  1763 | D:3      | Reached skill level 4 in Unarmed Combat
  2037 | D:1      | Bought 2 scrolls of identify for 52 gold pieces
  2037 | D:1      | Bought a scroll of teleportation for 39 gold pieces
  2037 | D:1      | Bought a scroll of identify for 26 gold pieces
  2037 | D:1      | Bought a scroll of identify for 26 gold pieces
  2042 | D:1      | Identified a scroll of acquirement
  2043 | D:1      | Acquired 705 gold pieces
  2047 | D:1      | Bought a scroll of teleportation for 39 gold pieces
  2047 | D:1      | Bought a scroll of teleportation for 39 gold pieces
  2229 | D:4      | Killed from afar by an orc priest

Illustrated notes

Levels and vault maps discovered:
D:1:      scummos_arrival_simple_fountains, layout_basic, serial_shops, shop
D:2:      layout_basic, kennysheep_generic_room_5
D:3:      layout_loops_ring, chequers_ecumenical_altar_simple_redux
D:4:      layout_basic, grunt_temple_overflow_holy_war, uniq_pikel

Skill      XL: |  1  2  3  4 |
---------------+-------------+-----
Throwing       | 2 |  2.6
Fighting       | 2 |  2.3
Dodging        | 3 |  3.0
Unarmed Combat | 4 |  4.2

Action                     |  1- 3 |  4- 6 || total
---------------------------+-------+-------++-------
  Melee: Unarmed           |   101 |    61 ||   162
         Punch             |     1 |     1 ||     2
    Use: Scroll            |     3 |     8 ||    11
   Stab: Sleeping          |     1 |       ||     1
 Armour: Robe              |    44 |    28 ||    72
  Dodge: Dodged            |    64 |    40 ||   104
